 Dungeon Crawl Stone Soup version 0.31-a0-437-g7cee417757 (console) character file.

Game seed: 3675194907122389510

235 Lexodia the Sneak (level 5, 0/22 HPs)
             Began as a Felid Shapeshifter on Aug 2, 2023.
             Blown up by Ijyb (15 damage)
             ... with a mindburst bolt
             ... on level 4 of the Dungeon.
             The game lasted 00:04:10 (2657 turns).

Lexodia the Sneak (Felid Shapeshifter)              Turns: 2657, Time: 00:04:10

Health: 0/22       AC:  1    Str: 16    XL:     5   Next: 76%
Magic:  6/6        EV: 19    Int: 14    God:
Gold:   146        SH:  0    Dex: 23    Spells: 4/4 levels left
                                        Lives:  0   Deaths: 1

rFire   . .          .
                       - Unarmed
rCold   . . .        (shield unavailable)
rNeg    . . .        (body armour unavailable)
rPois   .            (helmet unavailable)
rElec   .            (cloak unavailable)
rCorr   .            (gloves unavailable)
SInv    +            (boots unavailable)
Will    .....        (no amulet)
Stlth   ++++         c - +6 ring of dexterity
HPRegen 0.23/turn    i - +6 ring of strength
MPRegen 0.10/turn

%: no passive effects
@: beast-form, quick
A: beast (slay +2), very small, claws 1, fangs 3, see invisible, speed 1, shaggy
fur 1, stealthy paws, no weapons or thrown items, no armour, multi-lived, clever
1
a: Begin Untransformation


You were on level 4 of the Dungeon.
You were a hulking beast.
You visited 1 branch of the dungeon, and saw 4 of its levels.

You collected 146 gold pieces.

Inventory:

Jewellery
 c - a +6 ring of dexterity (left paw)
 i - a +6 ring of strength (right paw)
Talismans
 b - a beast talisman (active)
Wands
 h - a wand of digging (6)
Scrolls
 e - a scroll of fear {unknown}
 f - 4 scrolls of enchant weapon {unknown}
 g - 2 scrolls of identify {unknown}
 j - 2 scrolls of butterflies {unknown}
 l - a scroll of amnesia {unknown}
 m - a scroll of teleportation {unknown}
 n - a scroll of blinking {unknown}
 p - a scroll of immolation {unknown}
Potions
 a - a potion of lignification
 d - a potion of magic
 k - a potion of mutation


   Skills:
 + Level 1.6 Fighting
 + Level 3.9 Dodging
 * Level 5.7 Stealth
 + Level 4.1 Unarmed Combat
 + Level 1.1 Invocations
 + Level 3.9 Shapeshifting


You had 4 spell levels left.
You didn't know any spells.
Your spell library was empty.

Dungeon Overview and Level Annotations

Branches:
Dungeon (4/15)             Temple (0/1) D:4

Altars:
Gozag
Kikubaaqudgha
Makhleb

Shops:
D:3 (

Annotations:
D:3 1 runed translucent door, MacCMillion's ghost, amateur DrSh
D:4 Ijyb


Innate Abilities, Weirdness & Mutations

You are a hulking beast.
Your limbs bulge with bestial killing power. (Slay +2)
You have sharp claws.
You have razor-sharp teeth.
You have supernaturally acute eyesight. (SInv)
You cover ground quickly. (Speed+)
You are covered in fur. (AC +1)
Your paws help you pounce on unaware monsters.
You are incapable of wielding weapons or throwing items.
You cannot wear armour.
You gain extra lives every three experience levels.
Your mind is acute. (Int +4, Str/Dex -1)


Message History

a +0 trident; a +0 leather armour You start resting.
You hear the rusting of a very distant drain.
HP restored.
A hobgoblin comes into view.
The hobgoblin shouts!
You hear an angry hiss.
You hear a shout!
A quokka and an iguana come into view.
The hobgoblin completely misses you.
You barely miss the hobgoblin.
Ijyb the Twisted Goblin comes into view.
She is wielding a +0 club and carrying a wand of mindburst.
The hobgoblin closely misses you.
You closely miss the hobgoblin. You claw the hobgoblin.
You bite the hobgoblin, but do no damage.
The hobgoblin is heavily wounded.
The hobgoblin barely misses you.
You completely miss the hobgoblin. You bite the hobgoblin.
You kill the hobgoblin!
You see here a hobgoblin corpse.
It was a potion of magic.
Magic courses through your body. The quokka closely misses you.
It was a potion of mutation.
You feel extremely strange.
You feel clever. The iguana barely misses you. The quokka misses you.
Okay, then.
It was a potion of curing.
You feel better. The quokka completely misses you. The iguana bites you.
Huge Dmg: -27%(-6hp) hp: 73%(16hp)
You claw the iguana!
The iguana is severely wounded.
The quokka bites you.
The iguana bites you but does no damage.
The quokka misses you.
Damage: -4%(-1hp) hp: 69%(15hp)
You scratch the iguana.
You kill the iguana!
The quokka closely misses you.
You completely miss Ijyb. You bite Ijyb, but do no damage.
Ijyb zaps a wand.
Your mind is blasted!
Ouch! That really hurt!
You die...

.. ...... . ...... . #. .....
..##. .... ...... #..# . #.
......##..## ..##. ......g....#
.... ......rh...# ..
......##..## # #######. #>.####
###### #.... # #.....# ......
#.... #.....# ...... #....
#.....# #....## #...# #...###
#....##
#####...#######...###..##......
.............).........+.......


You could see Ijyb and a quokka.

Vanquished Creatures
  Pargi (D:4)
  An orc priest (D:3)
  An orc wizard (D:4)
  An iguana (D:4)
  Natasha (twice) (D:2)
  3 adders (D:2)
  4 dart slugs
  5 orcs
  6 ball pythons
  4 endoplasms
  2 giant cockroaches (D:2)
  8 goblins
  3 hobgoblins
  A quokka (D:1)
  7 bats
  5 frilled lizards
  9 kobolds
  5 rats
68 creatures vanquished.

Notes
Turn   | Place    | Note
-------+----------+-------------------------------------------
     0 | D:1      | Lexodia the Felid Shapeshifter began the quest for the Orb.
     0 | D:1      | Reached XP level 1. HP: 9/9 MP: 2/2
    38 | D:1      | Reached skill level 1 in Stealth
   117 | D:1      | Huge Dmg: 4 dmg
   120 | D:1      | Reached skill level 2 in Stealth
   120 | D:1      | Reached XP level 2. HP: 6/12 MP: 3/3
   599 | D:1      | Reached skill level 3 in Stealth
   742 | D:2      | Reached XP level 3. HP: 15/15 MP: 4/4
   929 | D:2      | Noticed Natasha
   935 | D:2      | Huge Dmg: 6 dmg
   939 | D:2      | Killed Natasha
   972 | D:2      | Noticed Natasha
   978 | D:2      | Killed Natasha
   979 | D:2      | Reached skill level 4 in Stealth
   979 | D:2      | Reached XP level 4. HP: 19/19 MP: 5/5
  1556 | D:3      | Found Opeo's Antique Weapon Boutique.
  1688 | D:3      | Found a runed translucent door.
  1688 | D:3      | Noticed MacCMillion's ghost (amateur DrSh)
  1730 | D:3      | Found a burning altar of Makhleb.
  1759 | D:3      | Found an ancient bone altar of Kikubaaqudgha.
  2042 | D:3      | Found an opulent altar of Gozag.
  2164 | D:3      | Reached XP level 5. HP: 22/22 MP: 6/6
  2165 | D:3      | Huge Dmg: 10 dmg
  2171 | D:3      | Reached skill level 5 in Stealth
  2470 | D:4      | Found a staircase to the Ecumenical Temple.
  2495 | D:4      | Huge Dmg: 12 dmg
  2496 | D:4      | Slain by an iguana
  2497 | D:4      | Reached XP level 4. HP: -1/19 MP: 5/5
  2516 | D:4      | Noticed Pargi
  2519 | D:4      | Huge Dmg: 9 dmg
  2519 | D:4      | Killed Pargi
  2520 | D:4      | Reached skill level 1 in Invocations
  2520 | D:4      | Reached XP level 5. HP: 11/22 MP: 6/6
  2595 | D:4      | Huge Dmg: 6 dmg
  2648 | D:4      | Noticed Ijyb
  2653 | D:4      | Gained mutation: Your mind is acute. (Int +4, Str/Dex -1)
                  | [potion of mutation]
  2655 | D:4      | Huge Dmg: 6 dmg
  2657 | D:4      | Blown up by Ijyb

Illustrated notes

Levels and vault maps discovered:
D:1:      grunt_arrival_crossed_arrows, layout_loops_ring
D:2:      layout_loops_corners, uniq_natasha
D:3:      layout_loops_corners, lightli_temple_of_fire, kiku_gazebo_pond_becter,
          mainiacjoe_overflow_concentric_impassable, serial_shops, shop,
          gammafunk_ghost_grave
D:4:      layout_gridville, minmay_temple_entry_butterflies,
          portal_sewer_entry_b, serial_shops, shop, uniq_edmund, uniq_pargi,
          uniq_ijyb

Skill      XL: |  1  2  3  4  5 |
---------------+----------------+-----
Stealth        | 2 3 4 5 |  5.7
Dodging        | 3 |  3.9
Unarmed Combat | 4 |  4.1
Invocations    | 1 |  1.1
Fighting       | |  1.6
Shapeshifting  | |  3.9

Action                     |  1- 3 |  4- 6 || total
---------------------------+-------+-------++-------
  Melee: Unarmed           |    44 |    76 ||   120
         Bite              |     4 |     9 ||    13
         Punch             |     1 |     3 ||     4
    Use: Potion            |       |     3 ||     3
   Stab: Sleeping          |     6 |    11 ||    17
         Distracted        |       |     1 ||     1
 Armour: Skin              |     1 |     3 ||     4
  Dodge: Dodged            |    19 |    59 ||    78

Table legend: (Time is in decaauts)
 A = Elapsed time spent in this place.
 B = Non-inter-level travel time spent in this place.
 C = Inter-level travel time spent in this place.
 D = Time resting spent in this place.
 E = Time spent auto-exploring this place.
 F = Levels seen in this place.
 G = Mean time per level.
                   A        B        C        D        E       F      G
               +--------+--------+--------+--------+--------+-----+--------+
         Total |   2192 |   2107 |     85 |    134 |   1597 |   4 |  548.0 |
       Dungeon |   2192 |   2107 |     85 |    134 |   1597 |   4 |  548.0 |
               +--------+--------+--------+--------+--------+-----+--------+

Top non-repeatable levels by time:
     D:3: 750 daAuts
     D:2: 693 daAuts
     D:1: 575 daAuts
     D:4: 173 daAuts
